 Dungeon Crawl Stone Soup version 0.30.1-11-g7821555f0a (webtiles) character file.

Game seed: 17026152294549758043

4020 jfcaron the Magician (level 10, -3/74 HPs)
             Began as a Gnoll Earth Elementalist on Nov 4, 2023.
             Was the Champion of Jiyva.
             Slain by a manticore (9 damage)
             ... on level 8 of the Dungeon.
             The game lasted 00:14:43 (6312 turns).

jfcaron the Magician (Gnoll Earth Elementalist)     Turns: 6312, Time: 00:14:44

Health: -3/74      AC:  8    Str:  8    XL:     10   Next: 23%
Magic:  21/21      EV: 13    Int: 18    God:    Jiyva [******]
Gold:   61         SH:  0    Dex: 19    Spells: 17/23 levels left

rFire   + . .        F - +7 short sword of Xutofoh {vamp, rF+ rC+}
rCold   + . .        (no shield)
rNeg    . . .        n - +0 ring mail
rPois   .            (helmet restricted)
rElec   .            r - scarf {repulsion}
rCorr   +            (no gloves)
SInv    +            k - +0 pair of boots
Will    .....        a - amulet of magic regeneration
Stlth   +++          i - +6 ring of dexterity
HPRegen 1.92/turn    (no ring)
MPRegen 1.07/turn

%: repel missiles
@: spiked
A: fangs 1, strong nose, distributed training, antennae 1, see invisible, sense
surroundings 3, shaggy fur 1, tendrils
a: Renounce Religion, Oozemancy, Slimify


You were on level 8 of the Dungeon.
You worshipped Jiyva.
Jiyva was exalted by your worship.
You visited 1 branch of the dungeon, and saw 8 of its levels.
You also visited: Ossuary.

You collected 200 gold pieces.
You spent 139 gold pieces at shops.

Inventory:

Hand Weapons
 g - a +4 spear
 t - a +1 whip of flaming
   (You took it off Pikel on level 4 of the Dungeon)
 u - a +0 rapier
 x - a +0 broad axe
 F - the +7 short sword of Xutofoh (weapon) {vamp, rF+ rC+}
   (You found it on level 6 of the Dungeon)

   rF:        It protects you from fire.
   rC:        It protects you from cold.
 J - a +7 falchion
 K - a +4 scimitar of freezing
   (You took it off a wight on level 7 of the Dungeon)
 M - a +4 rapier of speed
   (You found it on level 8 of the Dungeon)
Missiles
 j - 4 javelins
 m - 26 stones
 v - 3 silver boomerangs
Armour
 k - a +0 pair of boots (worn)
 l - a +0 scale mail
 n - a +0 ring mail (worn)
 r - a scarf of repulsion (worn)
   (You found it on level 2 of the Dungeon)
 L - a +0 plate armour
Magical Staves
 D - a staff of conjuration
   (You found it on level 6 of the Dungeon)
Jewellery
 a - an amulet of magic regeneration (around neck)
   (You found it on level 2 of the Dungeon)
 i - a +6 ring of dexterity (left hand)
   (You found it on level 3 of the Dungeon)
Wands
 p - a wand of iceblast (18)
   (You found it on level 2 of the Dungeon)
 s - a wand of paralysis (1)
 G - a wand of polymorph (2)
Scrolls
 h - 2 scrolls of fear
 q - a scroll of teleportation {unknown}
 y - 3 scrolls of enchant weapon {unknown}
 E - a scroll of torment {unknown}
 H - 2 scrolls of identify
 I - 3 scrolls of magic mapping {unknown}
Potions
 b - 2 potions of magic
 c - 2 potions of heal wounds
 d - 3 potions of resistance {unknown}
 e - 4 potions of flight {unknown}
 f - 3 potions of lignification
 o - 3 potions of curing
 w - a potion of attraction {unknown}
 z - 2 potions of might {unknown}
 A - a potion of mutation {unknown}
 B - a potion of brilliance {unknown}
 C - 2 potions of haste


   Skills:
 + Level 5.2 Fighting
 + Level 5.2 Short Blades
 + Level 5.2 Long Blades
 + Level 5.2 Axes
 + Level 5.2 Maces & Flails
 + Level 5.2 Polearms
 + Level 5.2 Staves
 + Level 5.2 Ranged Weapons
 + Level 5.2 Throwing
 + Level 5.2 Armour
 + Level 7.1 Dodging
 + Level 6.8 Stealth
 + Level 5.2 Shields
 + Level 5.2 Unarmed Combat
 + Level 7.3 Spellcasting
 + Level 4.3 Conjurations
 + Level 4.3 Hexes
 + Level 4.3 Summonings
 + Level 4.3 Necromancy
 + Level 4.3 Translocations
 + Level 4.9 Transmutations
 + Level 4.3 Fire Magic
 + Level 4.3 Ice Magic
 + Level 4.3 Air Magic
 + Level 7.1 Earth Magic
 + Level 4.3 Poison Magic
 + Level 5.8 Invocations
 + Level 5.2 Evocations


You had 17 spell levels left.
You knew the following spells:

 Your Spells              Type           Power      Damage    Failure   Level
a - Sandblast             Erth           64%        2d14      1%          1
b - Passwall              Tmut/Erth      23%        N/A       3%          2
c - Stone Arrow           Conj/Erth      54%        3d10      8%          3

Your spell library contained the following spells:

 Spells                   Type           Power      Damage    Failure   Level
 Summon Small Mammal      Summ           88%        N/A       4%          1
 Call Canine Familiar     Summ           22%        N/A       14%         3
 Ozocubu's Armour         Ice            22%        N/A       14%         3
 Summon Guardian Golem    Hex/Summ       22%        N/A       14%         3
 Petrify                  Tmut/Erth      28%        N/A       24%         4
 Metabolic Englaciation   Hex/Ice        11%        N/A       78%         5
 Simulacrum               Ice/Necr       11%        N/A       100%        6


Dungeon Overview and Level Annotations

Branches:
Dungeon (8/15)             Temple (0/1) D:5         Ossuary (visited)
   Lair: D:8-11

Altars:
Ashenzari
Kikubaaqudgha
Makhleb
Nemelex Xobeh
Trog
Uskayaw
Vehumet
Yredelemnul
Zin
Jiyva

Shops:
D:3 =   D:6 *


Innate Abilities, Weirdness & Mutations

You have very sharp teeth.
Your uncanny sense of smell can sniff out nearby items.
Your experience applies equally to all skills.
You have a pair of small antennae on your head.
You have supernaturally acute eyesight. (SInv)
You passively map a large area around you.
You are covered in fur. (AC +1)
You are covered in slimy tendrils that may disarm your opponents.


Message History

Casting: Sandblast (safe; 1% risk of failure)
Confirm with . or Enter, or press ? or * to list all spells.
Aiming: Sandblast (safe; 1% risk of failure)
Press: ? - help, Shift-Dir - straight line, f/p - deep elf pyromancer
Aim: a deep elf pyromancer, wielding a +0 long sword and wearing a +0 scale mail (almost dead, 80% to hit)
The blast of sand hits the deep elf pyromancer but does no damage.
The deep elf pyromancer is almost dead.
You are covered in liquid flames!
* * * LOW HITPOINT WARNING * * *
You are no longer on fire.
The fire elemental misses you.
The centaur shoots an arrow.
The arrow hits you.
* * * LOW HITPOINT WARNING * * *
The deep elf pyromancer casts a spell.
The fire elemental hits you. The fire elemental burns you! You resist.
* * * LOW HITPOINT WARNING * * *
A water moccasin comes into view.
The deep elf pyromancer casts a spell.
The deep elf pyromancer blinks!
The water moccasin hisses angrily.
As you read the scroll of fear, it crumbles to dust.
You assume a fearsome visage.
The fire elemental is unaffected. x3
The deep elf pyromancer looks frightened!
The green ugly thing looks frightened!
The red ugly thing looks frightened!
The manticore resists with some effort.
The water moccasin looks frightened!
The centaur looks frightened!
You hear a shout!
The fire elemental misses you.
A cyclops comes into view.
The deep elf pyromancer casts a spell.
The deep elf pyromancer blinks!
You feel much better. The fire elemental hits you.
The fire elemental burns you! You resist.
The fire elemental closely misses you.
The centaur gives up.
The fire elemental hits you. The fire elemental burns you! You resist.
* * * LOW HITPOINT WARNING * * *
The manticore bites you!
* * * LOW HITPOINT WARNING * * *
The manticore claws you!
You die...

* *#.................,
*
#.#....######....####*
,
#.....†.....#........∆*
, ,
#...##......#........ *
,, ,,
#...##...☼..#.......!,*
* #.........○.#........
...#....#...E#........,
,
...#........).E.......
*, * ,
#......##☼E@...e..., *
,#......##.H........ ,
, * ,
,#[................., *
* *#####....#....#### *
* * ............. , ,,,
* , ,..u.....##.... , *
*, , ....u...# ..... *
......... ..... * * * ,
* , , ,*, ,,* *


You could see 2 ugly things, a manticore, a deep elf pyromancer (fleeing) and 3
fire elementals.

Vanquished Creatures
  A centaur warrior (D:8)
  Pikel (D:4)
  A manticore (D:8)
  Eustachio (D:4)
  The ghost of foxicus the Trooper, an amateur HOFi of Beogh (D:3)
  A steam dragon (D:7)
  A water moccasin (D:7)
  An orc warrior (D:7)
  2 ice beasts
  3 ogres
  A centaur (D:7)
  A phantom (D:5)
  A lemure (D:4)
  A bullfrog (D:6)
  3 scorpions
  10 wights (D:7)
  2 howler monkeys
  4 centaur zombies (Ossuary)
  2 quasits (D:3)
  2 hounds
  5 jellies
  A gnoll bouda (D:6)
  4 sleepcaps
  3 orc wizards
  4 iguanas
  A scorpion zombie (D:5)
  A hound zombie (D:5)
  7 mummies
  14 gnolls
  9 adders
  2 ufetubi (D:4)
  2 dart slugs
  6 orcs
  3 endoplasms
  6 goblins
  6 hobgoblins
  9 jackals
  A quokka (D:5)
  6 ball pythons
  4 bats
  6 frilled lizards
  2 hobgoblin zombies
  5 kobolds
  An orc zombie (D:6)
  2 rats
150 creatures vanquished.

Notes
Turn   | Place    | Note
-------+----------+-------------------------------------------
     0 | D:1      | jfcaron the Gnoll Earth Elementalist began the quest for
                  | the Orb.
     0 | D:1      | Reached XP level 1. HP: 13/13 MP: 6/6
    48 | D:1      | Found a faded altar of an unknown god.
   105 | D:1      | Reached XP level 2. HP: 19/19 MP: 5/7
   121 | D:1      | Prayed at the altar of an unknown god.
   121 | D:1      | Became a worshipper of Jiyva Juqycwyc the Shapeless
   121 | D:1      | Reached * piety under Jiyva
   307 | D:1      | Learned a level 2 spell: Passwall
   480 | D:1      | Reached ** piety under Jiyva
   849 | D:2      | Reached skill level 5 in Spellcasting
   849 | D:2      | Reached XP level 3. HP: 25/25 MP: 6/9
   853 | D:2      | Learned a level 3 spell: Stone Arrow
   872 | D:2      | Reached skill level 1 in Invocations
  1113 | D:2      | Reached skill level 1 in Fighting
  1113 | D:2      | Reached skill level 1 in Short Blades
  1113 | D:2      | Reached skill level 1 in Long Blades
  1113 | D:2      | Reached skill level 1 in Axes
  1113 | D:2      | Reached skill level 1 in Maces & Flails
  1113 | D:2      | Reached skill level 1 in Polearms
  1113 | D:2      | Reached skill level 1 in Staves
  1113 | D:2      | Reached skill level 1 in Ranged Weapons
  1113 | D:2      | Reached skill level 1 in Throwing
  1113 | D:2      | Reached skill level 1 in Armour
  1113 | D:2      | Reached skill level 1 in Shields
  1113 | D:2      | Reached skill level 1 in Unarmed Combat
  1113 | D:2      | Reached skill level 1 in Evocations
  1411 | D:2      | Reached *** piety under Jiyva
  1669 | D:3      | Reached XP level 4. HP: 32/32 MP: 11/11
  1703 | D:3      | Found a transporter.
  1707 | D:3      | Noticed foxicus's ghost (amateur HOFi)
  1719 | D:3      | Gained mutation: You are somewhat resistant to further
                  | mutation. [Jiyva's grace]
  1719 | D:3      | Gained mutation: You are somewhat resistant to both further
                  | mutation and mutation removal. [Jiyva's grace]
  1719 | D:3      | Gained mutation: You are almost entirely resistant to
                  | further mutation and mutation removal. [Jiyva's grace]
  1719 | D:3      | Gained mutation: You possess an exceptional clarity of
                  | mind. [Jiyva's grace]
  1748 | D:3      | Reached skill level 1 in Conjurations
  1748 | D:3      | Reached skill level 1 in Hexes
  1748 | D:3      | Reached skill level 1 in Summonings
  1748 | D:3      | Reached skill level 1 in Necromancy
  1748 | D:3      | Reached skill level 1 in Translocations
  1748 | D:3      | Reached skill level 1 in Fire Magic
  1748 | D:3      | Reached skill level 1 in Ice Magic
  1748 | D:3      | Reached skill level 1 in Air Magic
  1748 | D:3      | Reached skill level 1 in Poison Magic
  1798 | D:3      | Found a sparkling altar of Nemelex Xobeh.
  1884 | D:3      | Found a hide-covered altar of Uskayaw.
  1972 | D:3      | Reached **** piety under Jiyva
  2001 | D:3      | Found a transporter.
  2132 | D:3      | Found a bloodstained altar of Trog.
  2165 | D:3      | Found Fog Unon's Jewellery Shop.
  2360 | D:3      | Reached XP level 5. HP: 36/37 MP: 6/12
  2362 | D:3      | Killed foxicus's ghost
  2363 | D:3      | Reached skill level 5 in Dodging
  2363 | D:3      | Reached XP level 6. HP: 27/44 MP: 3/14
  2823 | D:4      | Found a glowing silver altar of Zin.
  2858 | D:4      | Noticed Pikel
  2873 | D:4      | Killed Pikel
  2874 | D:4      | Reached skill level 5 in Stealth
  2874 | D:4      | Reached XP level 7. HP: 37/51 MP: 5/15
  2914 | D:4      | Noticed Eustachio
  2922 | D:4      | Killed Eustachio
  2923 | D:4      | Reached XP level 8. HP: 41/58 MP: 16/16
  3036 | D:4      | Found a radiant altar of Vehumet.
  3400 | D:5      | Entered Level 5 of the Dungeon
  3400 | D:5      | Lost mutation: You are almost entirely resistant to further
                  | mutation and mutation removal. [Jiyva's grace]
  3400 | D:5      | Gained mutation: You are almost entirely resistant to
                  | further mutation and mutation removal. [Jiyva's grace]
  3400 | D:5      | Gained mutation: Your translucent skin slightly reduces
                  | your foes' accuracy. (Stealth+) [Jiyva's grace]
  3400 | D:5      | Gained mutation: Your translucent skin reduces your foes'
                  | accuracy. (Stealth+) [Jiyva's grace]
  3400 | D:5      | Gained mutation: Your transparent skin significantly
                  | reduces your foes' accuracy. (Stealth+) [Jiyva's grace]
  3553 | D:5      | Reached ***** piety under Jiyva
  3614 | D:5      | Found a staircase to the Ecumenical Temple.
  3782 | D:5      | Found a burning altar of Makhleb.
  4212 | D:5      | Found a basalt altar of Yredelemnul.
  4303 | D:6      | Lost mutation: You possess an exceptional clarity of mind.
                  | [Jiyva's grace]
  4303 | D:6      | Lost mutation: You are almost entirely resistant to further
                  | mutation and mutation removal. [Jiyva's grace]
  4303 | D:6      | Lost mutation: Your transparent skin significantly reduces
                  | your foes' accuracy. (Stealth+) [Jiyva's grace]
  4303 | D:6      | Gained mutation: You are covered in slimy tendrils that may
                  | disarm your opponents. [Jiyva's grace]
  4303 | D:6      | Lost mutation: You are somewhat resistant to both further
                  | mutation and mutation removal. [Jiyva's grace]
  4303 | D:6      | Lost mutation: You are somewhat resistant to further
                  | mutation. [Jiyva's grace]
  4303 | D:6      | Gained mutation: You have hidden genetic potential.
                  | [Jiyva's grace]
  4303 | D:6      | Gained mutation: You have great hidden genetic potential.
                  | [Jiyva's grace]
  4303 | D:6      | Gained mutation: You expend magic power (3 MP) to
                  | strengthen your wands. [Jiyva's grace]
  4322 | D:6      | Found a sand-covered staircase.
  4335 | Ossuary  | Entered an ossuary
  4624 | D:6      | Found Diabrad's Assorted Antiques.
  4632 | D:6      | Bought 2 sapphire potions for 52 gold pieces
  4632 | D:6      | Bought a scroll of identify for 58 gold pieces
  4632 | D:6      | Bought a scroll labelled JAOHAZ SIETAU for 29 gold pieces
  4701 | D:6      | Reached XP level 9. HP: 65/65 MP: 9/18
  4957 | D:6      | Reached ****** piety under Jiyva
  5255 | D:6      | Identified the +7 short sword of Xutofoh {vamp, rF+ rC+}
  5339 | D:7      | Found an ancient bone altar of Kikubaaqudgha.
  5383 | D:7      | Gained mutation: You are covered in fur. (AC +1) [hidden
                  | potential]
  5773 | D:7      | Found a broken altar of Ashenzari.
  5870 | D:7      | Reached skill level 5 in Invocations
  5882 | D:7      | Lost mutation: Your translucent skin reduces your foes'
                  | accuracy. (Stealth+) [Jiyva's grace]
  5882 | D:7      | Lost mutation: Your translucent skin slightly reduces your
                  | foes' accuracy. (Stealth+) [Jiyva's grace]
  5882 | D:7      | Lost mutation: You have great hidden genetic potential.
                  | [Jiyva's grace]
  5882 | D:7      | Lost mutation: You expend magic power (3 MP) to strengthen
                  | your wands. [Jiyva's grace]
  5882 | D:7      | Gained mutation: You passively map a small area around you.
                  | [Jiyva's grace]
  5882 | D:7      | Gained mutation: You passively map the area around you.
                  | [Jiyva's grace]
  5882 | D:7      | Gained mutation: You passively map a large area around you.
                  | [Jiyva's grace]
  5882 | D:7      | Gained mutation: You have supernaturally acute eyesight.
                  | (SInv) [Jiyva's grace]
  6276 | D:8      | Noticed a manticore
  6283 | D:8      | Killed a manticore
  6284 | D:8      | Reached skill level 5 in Fighting
  6284 | D:8      | Reached skill level 5 in Short Blades
  6284 | D:8      | Reached skill level 5 in Long Blades
  6284 | D:8      | Reached skill level 5 in Axes
  6284 | D:8      | Reached skill level 5 in Maces & Flails
  6284 | D:8      | Reached skill level 5 in Polearms
  6284 | D:8      | Reached skill level 5 in Staves
  6284 | D:8      | Reached skill level 5 in Ranged Weapons
  6284 | D:8      | Reached skill level 5 in Throwing
  6284 | D:8      | Reached skill level 5 in Armour
  6284 | D:8      | Reached skill level 5 in Shields
  6284 | D:8      | Reached skill level 5 in Unarmed Combat
  6284 | D:8      | Reached skill level 5 in Evocations
  6284 | D:8      | Reached XP level 10. HP: 55/74 MP: 10/20
  6291 | D:8      | Noticed a centaur warrior
  6298 | D:8      | Killed a centaur warrior
  6300 | D:8      | Noticed a deep elf pyromancer
  6300 | D:8      | Gained mutation: You have a pair of small antennae on your
                  | head. [hidden potential]
  6300 | D:8      | Lost mutation: You have hidden genetic potential. [hidden
                  | potential expressed]
  6305 | D:8      | Noticed a manticore
  6308 | D:8      | Noticed a green ugly thing
  6308 | D:8      | Noticed a red ugly thing
  6310 | D:8      | HP: 10/74 [fire elemental[a deep elf pyromancer] (6)]
  6311 | D:8      | Noticed a cyclops
  6312 | D:8      | Slain by a manticore

Illustrated notes

Levels and vault maps discovered:
D:1:      psy_arrival_dodecagon, layout_loops_ring,
          ebering_ecumenical_altar_webs
D:2:      layout_basic
D:3:      layout_loops_corners, mainiacjoe_overflow_surrounded_room,
          mainiacjoe_overflow_boulevard, nicolae_uskayaw_suspiria,
          gammafunk_ghost_stat_death, serial_shops, shop, serial_bayou_lagoon_b
D:4:      kennysheep_spiral_hall, layout_loops_corners,
          nicolae_vehumet_radiance, nicolae_overflow_hidden_temple, uniq_pikel,
          uniq_eustachio
D:5:      layout_gridville, mainiacjoe_overflow_cross_hatched,
          lemuel_zombie_altar_yredelemnul, minmay_temple_entry_drinking_statues
D:6:      layout_loops_corners, serial_shops, shop, nicolae_ossuary_entry_giza,
          serial_bayou_pond_d, hellmonk_no_cap
D:7:      layout_gridville, mainiacjoe_overflow_catwalk,
          nicolae_overflow_crystal_walls
D:8:      minmay_cut_squares, layout_loops_ring, mainiacjoe_overflow_brackets

Skill      XL: |  1  2  3  4  5  6  7  8  9 10 |
---------------+-------------------------------+-----
Transmutations | 2 3 4 |  4.9
Spellcasting   | 5 6 7 |  7.3
Invocations    | 1 2 3 4 5 |  5.8
Fighting       | 1 2 3 5 |  5.2
Short Blades   | 1 2 3 5 |  5.2
Long Blades    | 1 2 3 5 |  5.2
Axes           | 1 2 3 5 |  5.2
Maces & Flails | 1 2 3 5 |  5.2
Polearms       | 1 2 3 5 |  5.2
Staves         | 1 2 3 5 |  5.2
Ranged Weapons | 1 2 3 5 |  5.2
Throwing       | 1 2 3 5 |  5.2
Armour         | 1 2 3 5 |  5.2
Shields        | 1 2 3 5 |  5.2
Unarmed Combat | 1 2 3 5 |  5.2
Evocations     | 1 2 3 5 |  5.2
Conjurations   | 1 2 3 4 |  4.3
Hexes          | 1 2 3 4 |  4.3
Summonings     | 1 2 3 4 |  4.3
Necromancy     | 1 2 3 4 |  4.3
Translocations | 1 2 3 4 |  4.3
Fire Magic     | 1 2 3 4 |  4.3
Ice Magic      | 1 2 3 4 |  4.3
Air Magic      | 1 2 3 4 |  4.3
Poison Magic   | 1 2 3 4 |  4.3
Dodging        | 5 6 7 |  7.1
Stealth        | 5 6 |  6.8
Earth Magic    | 6 7 |  7.1

Action                     |  1- 3 |  4- 6 |  7- 9 | 10-12 || total
---------------------------+-------+-------+-------+-------++-------
  Melee: Unarmed           |     7 |       |       |       ||     7
         Spear             |    10 |    10 |       |       ||    20
         Whip              |       |       |    54 |       ||    54
         Bite              |       |       |    15 |       ||    15
         Punch             |       |       |     1 |       ||     1
         Short sword       |       |       |    33 |       ||    33
  Throw: Boomerang         |       |       |     1 |       ||     1
   Cast: Sandblast         |    37 |    19 |   105 |     5 ||   166
         Stone Arrow       |       |     6 |    27 |     3 ||    36
 Invoke: Oozemancy         |       |     2 |     3 |       ||     5
  Evoke: Wand              |       |       |     1 |       ||     1
    Use: Scroll            |     5 |     1 |     1 |     1 ||     8
         Potion            |       |       |       |     1 ||     1
   Stab: Sleeping          |     1 |     1 |     3 |       ||     5
 Armour: Robe              |     4 |       |       |       ||     4
         Leather armour    |       |     4 |    12 |       ||    16
         Ring mail         |       |       |     9 |     5 ||    14
  Dodge: Dodged            |    16 |    14 |   121 |    11 ||   162
         Repelled          |       |       |     1 |       ||     1

Table legend: (Time is in decaauts)
 A = Elapsed time spent in this place.
 B = Non-inter-level travel time spent in this place.
 C = Inter-level travel time spent in this place.
 D = Time resting spent in this place.
 E = Time spent auto-exploring this place.
 F = Levels seen in this place.
 G = Mean time per level.
                   A        B        C        D        E       F      G
               +--------+--------+--------+--------+--------+-----+--------+
         Total |   6392 |   6070 |    322 |     25 |   4995 |   9 |  710.2 |
       Dungeon |   6292 |   5970 |    322 |     25 |   4995 |   8 |  786.5 |
       Ossuary |     99 |     99 |      0 |      0 |      0 |   1 |   99.0 |
               +--------+--------+--------+--------+--------+-----+--------+

Top non-repeatable levels by time:
     D:6: 1005 daAuts
     D:4: 1003 daAuts
     D:3: 917 daAuts
     D:7: 904 daAuts
     D:5: 882 daAuts
     D:1: 811 daAuts
     D:2: 707 daAuts
 Ossuary: 99 daAuts
     D:8: 59 daAuts

Table legend:
 A = Kills in this place as a percentage of kills in the entire game.
 B = Kills by you in this place as a percentage of kills by you in the entire game.
 C = Kills by friends in this place as a percentage of kills by friends in the entire game.
 D = Other kills in this place as a percentage of other kills in the entire game.
 E = Experience gained in this place as a percentage of experience gained in the entire game.
 F = Experience gained in this place divided by the number of levels of this place that you have seen.
                   A       B       C       D       E      F
               +-------+-------+-------+-------+-------+----------------------
         Total | 100.0 | 100.0 | 100.0 |   N/A | 100.0 | 638.1
       Dungeon |  91.0 |  93.9 |  42.9 |   N/A |  94.9 | 681.5
       Ossuary |   9.0 |   6.1 |  57.1 |   N/A |   5.1 | 291.0
               +-------+-------+-------+-------+-------+----------------------

Levels and vault maps discovered:
D:1:      psy_arrival_dodecagon, layout_loops_ring,
          ebering_ecumenical_altar_webs
D:2:      layout_basic
D:3:      layout_loops_corners, mainiacjoe_overflow_surrounded_room,
          mainiacjoe_overflow_boulevard, nicolae_uskayaw_suspiria,
          gammafunk_ghost_stat_death, serial_shops, shop, serial_bayou_lagoon_b
D:4:      kennysheep_spiral_hall, layout_loops_corners,
          nicolae_vehumet_radiance, nicolae_overflow_hidden_temple, uniq_pikel,
          uniq_eustachio
D:5:      layout_gridville, mainiacjoe_overflow_cross_hatched,
          lemuel_zombie_altar_yredelemnul, minmay_temple_entry_drinking_statues
D:6:      layout_loops_corners, serial_shops, shop, nicolae_ossuary_entry_giza,
          serial_bayou_pond_d, hellmonk_no_cap
D:7:      layout_gridville, mainiacjoe_overflow_catwalk,
          nicolae_overflow_crystal_walls
D:8:      minmay_cut_squares, layout_loops_ring, mainiacjoe_overflow_brackets
